 Dungeon Crawl Stone Soup version 0.32-a0-599-gba8f9cf90e (webtiles) character file.

Game seed: 9028624193655656917

76 ragingrage the Shooter (level 4, -2/33 HPs)
             Began as a Coglin Hunter on Mar 2, 2024.
             Was an Initiate of Gozag.
             Killed by divine providence
             ... invoked by an orc priest
              (13 damage)
             ... on level 3 of the Dungeon.
             The game lasted 00:01:43 (2117 turns).

ragingrage the Shooter (Coglin Hunter)              Turns: 2117, Time: 00:01:44

Health: -2/33      AC:  4    Str: 11    XL:     4   Next: 32%
Magic:  4/4        EV: 12    Int:  9    God:    Gozag
Gold:   304        SH:  0    Dex: 19    Spells: 3/3 levels left

rFire   . . .        a - +2 sling {Johann}
rCold   . . .        d - +0 sling {Arun}
rNeg    . . .        c - +1 leather armour
rPois   .            (no helmet)
rElec   .            (no cloak)
rCorr   .            (no gloves)
SInv    .            (no boots)
Will    .....        (amulet unavailable)
Stlth   ++           (ring unavailable)
HPRegen 0.25/turn    (ring unavailable)
MPRegen 0.09/turn    (no gizmo)

%: no passive effects
@: no status effects
A: off-hand wielding, slow wielding, warmup strikes, no jewellery
a: Invent Gizmo, Renounce Religion, Potion Petition, Call Merchant, Bribe Branch


You were on level 3 of the Dungeon.
You worshipped Gozag.
Gozag was aware of your devotion.
You visited 1 branch of the dungeon, and saw 3 of its levels.

You collected 304 gold pieces.

Inventory:

Hand Weapons
 a - a +2 sling (weapon) {Johann}
 d - a +0 sling (offhand) {Arun}
Missiles
 o - 3 atropa-tipped darts
Armour
 c - a +1 leather armour (worn)
Scrolls
 b - a scroll of butterflies
 e - 3 scrolls of revelation
 h - a scroll of teleportation {unknown}
 i - 4 scrolls of blinking {unknown}
 j - 4 scrolls of identify {unknown}
 l - a scroll of immolation {unknown}
 n - a scroll of amnesia {unknown}
Potions
 g - a potion of attraction {unknown}
 k - a potion of cancellation {unknown}
 m - a potion of berserk rage {unknown}
 p - a potion of degeneration {unknown}
 q - a potion of curing {unknown}


   Skills:
 - Level 2.0 Fighting
 + Level 5.2 Ranged Weapons
 - Level 1.7 Dodging
 - Level 0.7 Stealth


You had 3 spell levels left.
You didn't know any spells.
Your spell library was empty.

Dungeon Overview and Level Annotations

Branches:
Dungeon (3/15)

Altars:
Gozag
Vehumet

Annotations:
D:3 Sigmund


Innate Abilities, Weirdness & Mutations

You can wield a second weapon in your off-hand.
It takes a long time for you to wield or remove held weapons.
Your first few attacks do less damage.
You cannot equip rings or amulets.


Message History

You shoot a sling bullet. The sling bullet hits the ribbon worm.
The orc priest looks encouraged for a moment.
The ribbon worm expels a string of sticky webbing.
The stream of webbing hits you but does no damage.
You are caught in a web!
You are caught in a web!
There are monsters nearby!
There are monsters nearby!
You are caught in a web!
You struggle to detach yourself from the web.
The web tears apart.
The ribbon worm misses you.
There is an open door here.
The orc attacks as it pursues you!
The orc hits you with a +2 mace of holy wrath.
The orc attacks as it pursues you!
The orc hits you with a +2 mace of holy wrath.
Fire: a) +2 sling {Johann}
Press: ? - help, Q - select action, (/) - cycle Shift-Dir - straight line, f/p - ribbon worm
Aim: a ribbon worm (81% to hit)
You shoot a sling bullet. The sling bullet barely misses the orc.
The sling bullet hits the ribbon worm.
You shoot a sling bullet. The sling bullet hits the orc.
The orc hits you with a +2 mace of holy wrath.
You aren't carrying any items that you can evoke.
Unknown command.
As you read the scroll labelled HASAUBRIME, it crumbles to dust.
You feel aware of your surroundings.
It was a scroll of revelation.
The orc misses you.
The orc priest mumbles some strange prayers to Beogh against you.
Beogh smites you!
Unknown command.
As you read the scroll labelled ODUTUSSA WUWY, it crumbles to dust.
It is a scroll of enchant armour.
Your +0 leather armour glows green for a moment.
The orc misses you.
The orc priest mumbles some strange prayers to Beogh against you.
Beogh smites you!
You die...
Your body crumbles into a pile of gold.

,............###.###.#.#.........
,............#.......#.#.........
,............#.#.#####.#...##.#+*
,............#.#.#####.#...##.#,*
,............#.#.#.....#.####)#,*
,..#######'#.#.#.#.#..........#,#
,.,* #.#...#.#.#......###.#,#
,,,* #.#######.#..###.#####.#
,,,* ##..o.wo@..#..###.......#
,,,*#***#...########..###########
,,,*#..,##..###...##......>......
****.....##'##.....#.#########...
*....o..........#.#.......'...
*.....#####...$.#.#.#######...
*#[..*#l..##...##.#...# #...
##.**....o##.###'#...## #...
#,*,,,,,,,*,##.......#####'#


You could see a ribbon worm, an orc priest and an orc.

Vanquished Creatures
  An orc priest (D:3)
  3 orcs (D:3)
  3 endoplasms
  6 giant cockroaches
  4 goblins
  6 hobgoblins
  A quokka (D:3)
  5 ball pythons
  2 bats
  2 frilled lizards
  5 kobolds
  3 rats
41 creatures vanquished.

Notes
Turn   | Place    | Note
-------+----------+-------------------------------------------
     0 | D:1      | ragingrage the Coglin Hunter began the quest for the Orb.
     0 | D:1      | Reached XP level 1. HP: 16/16 MP: 1/1
   241 | D:1      | Reached skill level 4 in Ranged Weapons
   241 | D:1      | Reached XP level 2. HP: 22/22 MP: 2/2
   431 | D:1      | Found a faded altar of an unknown god.
   706 | D:1      | Prayed at the altar of an unknown god.
   706 | D:1      | Became a worshipper of Gozag Ym Sagoz the Greedy
  1085 | D:2      | Reached XP level 3. HP: 27/27 MP: 3/3
  1457 | D:3      | Reached skill level 5 in Ranged Weapons
  1457 | D:3      | Reached XP level 4. HP: 17/33 MP: 4/4
  1955 | D:3      | Found a radiant altar of Vehumet.
  2007 | D:3      | Noticed Sigmund
  2117 | D:3      | Killed from afar by an orc priest

Illustrated notes

Levels and vault maps discovered:
D:1:      dpeg_arrival_more_subterranean_lakeside_camping, layout_loops_ring,
          chequers_ecumenical_altar_simple_redux
D:2:      layout_basic
D:3:      minmay_octagon_keep, layout_basic, general_overflow_altar,
          uniq_sigmund

Skill      XL: |  1  2  3 |
---------------+----------+-----
Ranged Weapons | 4 5 |  5.2
Fighting       | |  2.0
Dodging        | |  1.7
Stealth        | |  0.7

Action                     |  1- 3 |  4- 6 || total
---------------------------+-------+-------++-------
   Fire: Sling             |   106 |    60 ||   166
    Use: Scroll            |       |     2 ||     2
 Armour: Leather armour    |     9 |     8 ||    17
  Dodge: Dodged            |     7 |     7 ||    14

Table legend: (Time is in decaauts)
 A = Elapsed time spent in this place.
 B = Non-inter-level travel time spent in this place.
 C = Inter-level travel time spent in this place.
 D = Time resting spent in this place.
 E = Time spent auto-exploring this place.
 F = Levels seen in this place.
 G = Mean time per level.
                   A        B        C        D        E       F      G
               +--------+--------+--------+--------+--------+-----+--------+
         Total |   2135 |   1986 |    149 |     60 |   1740 |   3 |  711.7 |
       Dungeon |   2135 |   1986 |    149 |     60 |   1740 |   3 |  711.7 |
               +--------+--------+--------+--------+--------+-----+--------+

Top non-repeatable levels by time:
     D:3: 763 daAuts
     D:1: 743 daAuts
     D:2: 627 daAuts
